Map: Ascension to Aiur LE

Players

DnS - Winner!

  • Race: Protoss Protoss
  • Spawn Location: 5:00

Thalandros

  • Race: Zerg Zerg
  • Spawn Location: 11:00

Event: WCS Valencia 2017

VOD

Have the link to the VOD?

Description

Time

  • Played on: July 13, 2017, 6:25 a.m.
  • Length: 5:23

All games in this series

Show
View Real Time Build Order
Export as new Build Order

DnS Protoss - Winner!

Build Orders: 1 Gate Expand, Dark Templar Rush 

Get SALT Encoding   

  12  0:01  Probe (Chrono Boost)  
  13  0:11  Probe (Chrono Boost)  
  14  0:17  Pylon  
  14  0:22  Probe (Chrono Boost)  
  15  0:36  Probe (Chrono Boost)  
  15  0:39  Gateway  
  16  0:46  Probe (Chrono Boost)  
  16  0:47  Assimilator  
  18  0:57  Probe (Chrono Boost)  
  18  1:07  Probe (Chrono Boost)  
  19  1:20  Nexus  
  19  1:23  Probe (Chrono Boost)  
  20  1:33  Cybernetics Core  
  20  1:36  Probe (Chrono Boost)  
  21  1:43  Assimilator  
  22  1:47  Probe (Chrono Boost)  
  22  1:50  Pylon  
  22  1:57  Probe (Chrono Boost)  
  23  2:08  Probe (Chrono Boost)  
  23  2:09  Warp Gate, Adept (Chrono Boost)  
  26  2:20  Probe  
  27  2:25  Twilight Council  
  27  2:30  Probe  
  27  2:32  Probe  
  27  2:33  Zealot (Chrono Boost)  
  31  2:42  Mothership Core (Chrono Boost)  
  33  2:48  Probe (Chrono Boost)  
  34  2:59  Probe (Chrono Boost)  
  34  3:01  Probe (Chrono Boost)  
  34  3:03  Robotics Facility  
  36  3:10  Probe (Chrono Boost)  
  36  3:12  Probe (Chrono Boost)  
  38  3:20  Probe (Chrono Boost)  
  38  3:22  Probe (Chrono Boost)  
  40  3:28  Dark Shrine  
  40  3:31  Probe (Chrono Boost)  
  40  3:33  Probe (Chrono Boost), Gateway  
  42  3:37  Gateway  
  43  3:41  Probe (Chrono Boost), Gateway  
  43  3:43  Probe (Chrono Boost)  
  44  3:50  Assimilator  
  44  3:53  Warp Prism (Chrono Boost)  
  46  3:57  Pylon  
  46  4:01  Pylon  
  46  4:03  Assimilator  
  46  4:11  Pylon  
  46  4:13  Probe  
  46  4:15  Probe  
  48  4:21  Zealot  
  46  4:26  Pylon  
  46  4:31  Pylon  
  46  4:35  Adept x2  
  46  4:38  Zealot  
  49  4:40  Probe  
  49  4:41  Pylon  
  50  4:45  Pylon  
  50  4:49  Probe  
  50  4:51  Probe  
  51  4:57  Dark Templar  
  54  5:03  Probe  
  54  5:04  Dark Templar  
  57  5:08  Probe  
Show
View Real Time Build Order
Export as new Build Order

Thalandros Zerg 

Build Orders: Hatch First, Zergling Baneling 

Get SALT Encoding   

  12  0:00  Drone  
  13  0:13  Overlord  
  13  0:17  Drone  
  14  0:33  Drone x2  
  16  0:36  Drone  
  17  0:51  Hatchery  
  17  0:56  Drone  
  17  1:00  Extractor  
  17  1:02  Drone  
  17  1:16  Spawning Pool  
  16  1:28  Drone x2  
  18  1:36  Drone  
  19  1:54  Overlord  
  19  2:06  Queen  
  19  2:07  Queen, Metabolic Boost  
  23  2:14  Drone x3  
  27  2:22  Zergling x2  
  27  2:23  Zergling x2  
  27  2:27  Drone x2  
  30  2:37  Drone  
  31  2:48  Hatchery  
  29  2:59  Baneling Nest  
  29  3:00  Zergling x2  
  29  3:02  Drone x2, Overlord  
  31  3:22  Zergling x4  
  31  3:23  Zergling x12  
  39  3:28  Zergling x4  
  41  3:36  Zergling x2  
  41  3:40  Queen  
  44  3:42  Overlord  
  44  3:48  Baneling x4  
  44  3:59  Overlord  
  44  4:02  Zergling x8  
  48  4:03  Baneling  
  48  4:04  Baneling x2  
  48  4:08  Drone x2  
  48  4:09  Drone  
  51  4:12  Zergling x2  
  52  4:22  Zergling x8  
  51  4:31  Zergling x8  
  48  4:32  Zergling x2  
  48  4:39  Baneling x3  
  48  4:42  Zergling x6  
  49  4:49  Zergling x6  
  49  4:51  Baneling x2  
  52  4:58  Zergling x8  
  55  5:03  Zergling x4  
Tags
 
Add a new tag
Caveats
  • Supply blocks, unpowered buildings, or Contaminate may cause inaccurate times.
  • Supply counts are checked every 10 seconds.